 Dungeon Crawl Stone Soup version 0.28.0 (webtiles) character file.

Game seed: 9163330320515560162

152787 dolemite99 the Fencer (level 17, -9/133 HPs)
             Began as a Gnoll Conjurer on Feb 17, 2022.
             Was a Priest of Qazlal.
             Mangled by a ghost moth (13 damage)
             ... on level 4 of the Spider Nest on Feb 18, 2022.
             The game lasted 01:55:41 (61676 turns).

dolemite99 the Fencer (Gnoll Conjurer)             Turns: 61676, Time: 01:55:41

Health: -9/133     AC: 20    Str:  6 (9)  XL:     17   Next: 59%
Magic:  0/33       EV: 13    Int: 25 (26) God:    Qazlal [***...]
Gold:   628        SH:  9    Dex:  7 (11) Spells: 3/41 levels left

rFire   + . .      SeeInvis +   j - +4 demon trident (venom)
rCold   + . .      Faith    .   X - +0 buckler
rNeg    . . .      Spirit   .   R - +0 acid dragon scales
rPois   +          Reflect  .   l - +1 helmet {Int+3}
rElec   +          Harm     .   n - +2 cloak of the Thief {*Fog Slay-2 SInv Stlth+}
rCorr   +          Rampage  .   e - +1 pair of gloves {Stlth+}
Will    +....                   A - +1 pair of boots
Stlth   +++++.....              F - amulet of magic regeneration
HPRegen 0.32/turn               h - ring of poison resistance {=R}
MPRegen 0.63/turn               y - ring of see invisible

@: resistant, studying Long Blades
A: fangs 1, strong nose, distributed training
a: Renounce Religion, Upheaval, Elemental Force


You were on level 4 of the Spider Nest.
You worshipped Qazlal.
Qazlal was most pleased with you.
You visited 5 branches of the dungeon, and saw 28 of its levels.
You also visited: Ossuary.

You collected 2600 gold pieces.
You spent 1972 gold pieces at shops.

Inventory:

Hand Weapons
 a - the +5 fustibalus of Bloody Death {vorpal, Str+7}
   (You found it on level 12 of the Dungeon)

   Any ammunition fired from it inflicts extra damage upon your enemies.
   Str:       It affects your strength (+7).
 j - a +4 demon trident of venom (weapon)
Missiles
 f - 220 sling bullets
 o - 711 stones (quivered)
 v - 5 silver boomerangs
 S - 2 curare-tipped darts
 U - a throwing net
Armour
 e - a +1 pair of gloves of stealth (worn)
 l - a +1 helmet of intelligence (worn)
 n - the +2 cloak of the Thief (worn) {*Fog Slay-2 SInv Stlth+}
   (You bought it in a shop on level 2 of the Orcish Mines)

   It may release a thick cloud of smoke when the wearer is hurt.
   Slay:      It affects your accuracy & damage with ranged weapons and melee
   (-2).
   SInv:      It lets you see invisible.
   Stlth:     It makes you more stealthy.
 A - a +1 pair of boots (worn)
 J - a +0 kite shield
 R - +0 acid dragon scales (worn)
 X - a +0 buckler (worn)
Magical Staves
 b - a staff of air
 u - a staff of fire
 w - a staff of death
 L - a staff of earth
Jewellery
 g - an amulet of guardian spirit
 h - a ring of poison resistance (left hand) {=R}
 i - a ring of protection from cold
 p - a ring of resist corrosion
 y - a ring of see invisible (right hand)
 z - an amulet of regeneration
 D - a +6 ring of dexterity
 F - an amulet of magic regeneration (around neck)
 M - a ring of willpower
 P - a +6 ring of intelligence
 Z - an amulet of reflection
Wands
 d - a wand of digging (1)
 B - a wand of paralysis (4)
 I - a wand of polymorph (11)
 K - a wand of flame (2)
Scrolls
 r - 6 scrolls of fog
 t - a scroll of silence
 C - 4 scrolls of immolation
 Q - 3 scrolls of teleportation
 V - 8 scrolls of identify {@r1}
 W - 5 scrolls of vulnerability
 Y - a scroll of enchant weapon
Potions
 k - 5 potions of ambrosia
 m - 4 potions of brilliance
 x - 4 potions of resistance
 E - 3 potions of might
 H - a potion of haste
 N - a potion of attraction
 O - a potion of berserk rage
 T - 7 potions of lignification
Miscellaneous
 c - a box of beasts (inert)
 q - a phial of floods (inert)
 s - a phantom mirror (inert)
 G - a condenser vane (inert)


   Skills:
 + Level 11.8 Fighting
 + Level 11.8 Short Blades
 + Level 15.5 Long Blades
 + Level 11.8 Axes
 + Level 11.8 Maces & Flails
 + Level 11.8 Polearms
 + Level 11.8 Staves
 + Level 11.8 Slings
 + Level 11.8 Bows
 + Level 11.8 Crossbows
 + Level 11.8 Throwing
 + Level 11.8 Armour
 + Level 12.6 Dodging
 + Level 12.5 Stealth
 + Level 11.8 Shields
 + Level 11.8 Unarmed Combat
 + Level 12.7 Spellcasting
 + Level 12.1 Conjurations
 + Level 9.9 Hexes
 + Level 9.9 Summonings
 + Level 9.9 Necromancy
 + Level 9.9 Translocations
 + Level 9.9 Transmutations
 + Level 9.9 Fire Magic
 + Level 9.9 Ice Magic
 + Level 9.9 Air Magic
 + Level 9.9 Earth Magic
 + Level 9.9 Poison Magic
 + Level 12.8 Invocations
 + Level 11.8 Evocations


You had 3 spell levels left.
You knew the following spells:

 Your Spells              Type           Power      Damage    Failure   Level
a - Summon Lightning Spi  Summ/Air       60%        N/A       1%          4
b - Summon Mana Viper     Hex/Summ       60%        N/A       3%          5
c - Summon Ice Beast      Ice/Summ       60%        N/A       1%          4
d - Freezing Cloud        Conj/Ice/Air   31%        6-21      2%          5
e - Iskenderun's Mystic   Conj/Tloc      63%        2d13      1%          4
g - Fulminant Prism       Conj/Hex       31%        3d16      1%          4
h - Sublimation of Blood  Necr           60%        N/A       1%          2
i - Vampiric Draining     Necr           60%        2d10      1%          3
j - Sticky Flame          Conj/Fire      63%        2d8       1%          4
k - Mephitic Cloud        Conj/Pois/Air  62%        N/A       1%          3

Your spell library contained the following spells:

 Spells                   Type           Power      Damage    Failure   Level
 Animate Skeleton         Necr           100%       N/A       1%          1
 Apportation              Tloc           100%       N/A       1%          1
 Magic Dart               Conj           100%       1d8       1%          1
 Pain                     Necr           100%       1d9       1%          1
 Sandblast                Erth           100%       2d20      1%          1
 Shock                    Conj/Air       100%       1d9       1%          1
 Slow                     Hex            100%       N/A       1%          1
 Summon Small Mammal      Summ           100%       N/A       1%          1
 Passwall                 Tmut/Erth      50%        N/A       1%          2
 Searing Ray              Conj           100%       2d8       1%          2
 Static Discharge         Conj/Air       63%        N/A       1%          2
 Call Canine Familiar     Summ           60%        N/A       1%          3
 Confusing Touch          Hex            60%        N/A       1%          3
 Dazzling Flash           Conj/Hex       100%       N/A       1%          3
 Ignite Poison            Fire/Tmut/Pois 60%        N/A       1%          3
 Stone Arrow              Conj/Erth      100%       3d13      1%          3
 Summon Guardian Golem    Hex/Summ       60%        N/A       1%          3
 Swiftness                Air            60%        N/A       1%          3
 Airstrike                Air            30%        N/A       1%          4
 Animate Armour           Summ/Erth      100%       N/A       1%          4
 Dispel Undead            Necr           60%        3d21      1%          4
 Petrify                  Tmut/Erth      60%        N/A       1%          4
 Irradiate                Conj/Tmut      31%        3d24      2%          5
 Blade Hands              Tmut           30%        N/A       3%          5
 Iron Shot                Conj/Erth      31%        9d6       12%         6
 Starburst                Conj/Fire      31%        6d10      12%         6
 Simulacrum               Ice/Necr       30%        N/A       19%         6
 Orb of Destruction       Conj           33%        9d10      38%         7
 Spellforged Servitor     Conj/Summ      31%        N/A       54%         7
 Monstrous Menagerie      Summ           30%        N/A       71%         7
 Storm Form               Tmut/Air       30%        N/A       71%         7
 Maxwell's Capacitive Co  Air            30%        ∞         100%        8
 Polar Vortex             Ice            30%        N/A       100%        9


Dungeon Overview and Level Annotations

Branches:
Dungeon (15/15)            Temple (0/1) D:5            Lair (6/6) D:9
 Shoals (1/4) Lair:4       Spider (4/4) Lair:3        Slime (0/5) Lair:6
    Orc (2/2) D:9             Elf (0/3) Orc:2        Vaults (0/5) D:13
 Depths (0/4) D:15        Ossuary (visited)

Altars:
Cheibriados
Dithmenos
Makhleb
Okawaru
Qazlal
Sif Muna
Trog
Uskayaw
The Shining One
Beogh

Shops:
D:5 ?   Orc:2 [:(*   Shoals:1 !

Annotations:
D:7 exclusion: door
D:12 3 runed translucent doors, exclusion: obsidian statue, GilGalad's ghost, journeyman DDFi
Lair:3 2 transporters, Ycoocel's ghost, journeyman DrFE
Lair:5 exclusion: downstairs


Innate Abilities, Weirdness & Mutations

You have very sharp teeth.
Your uncanny sense of smell can sniff out nearby items.
Your experience applies equally to all skills.


Message History

The ghost moth stings you but does no damage.
Your +4 demon trident of venom begins to drip with poison!
j - a +4 demon trident of venom (weapon)
The ghost moth hits you but does no damage.
You block the ghost moth's attack.
The ghost moth stings you but does no damage.
You puncture the ghost moth!
You bite the ghost moth, but do no damage.
The ghost moth is heavily wounded.
You puncture the ghost moth!
The ghost moth is severely wounded.
The ghost moth hits you! You block the ghost moth's attack. x2
You closely miss the ghost moth.
The ghost moth is severely wounded.
The ghost moth hits you!
* * * LOW HITPOINT WARNING * * *
You feel dopey. The ghost moth hits you.
* * * LOW HITPOINT WARNING * * *
The ghost moth misses you.
You hit the ghost moth.
The ghost moth is severely wounded.
The ghost moth hits you.
* * * LOW HITPOINT WARNING * * *
You feel weakened. You block the ghost moth's attack.
The ghost moth stings you!
* * * LOW HITPOINT WARNING * * *
You feel protected. The ghost moth stares at you.
You feel your power leaking away. The ghost moth closely misses you.
The ghost moth hits you but does no damage.
The ghost moth stings you!
* * * LOW HITPOINT WARNING * * *
You hit the ghost moth.
The ghost moth is poisoned.
The ghost moth is severely wounded.
The ghost moth stares at you.
You feel your power leaking away. The ghost moth hits you!
You die...

#^.†^#..## #........#
###..^..^# ####..##
### ### ##...#
##^###^## ### ##..^##
§)§.....####^###..^##
§§.^.^..##...^.#.°##
§§....#..#(....y@##
8§§...#...^#^#.○^.#
#....###..######^##
###### #### ###


You could see a ghost moth (invisible, very poisoned).

Vanquished Creatures
  Bai Suzhen (Spider:3)
  Jorgrun (D:12)
  3 ghost moths
  2 emperor scorpions
  A broodmother (Spider:1)
  Nessos (D:13)
  A spark wasp (Spider:1)
  Snorg (D:14)
  An ettin (D:15)
  2 boulder beetles
  An ogre mage (D:13)
  10 hydras
  A centaur warrior (D:15)
  3 two-headed ogres
  Urug (Lair:3)
  2 skeletal warriors (D:15)
  A pharaoh ant (Spider:2)
  A steelbarb worm (Spider:4)
  An orb spider (Lair:3)
  A goliath frog (Lair:6)
  3 spectral wolf spiders (Spider:2)
  A phantasmal warrior (D:14)
  A necromancer (D:15)
  A lindwurm (Lair:5)
  2 orc knights
  7 wolf spiders
  2 wolf spider zombies (Spider:2)
  2 orc sorcerers
  2 oklob plants (D:14)
  3 manticores
  2 ugly things (D:15)
  A merfolk siren (Lair:4)
  A cyclops (D:15)
  6 black mambas
  A black mamba (shapeshifter) (D:13)
  6 elephants
  2 torpor snails
  Maggie (D:9)
  A gargoyle (D:13)
  16 cane toads
  A rime drake (Lair:6)
  6 komodo dragons
  3 demonic crawlers
  An efreet (D:14)
  A polar bear (Lair:4)
  2 trolls
  8 meliai
  A queen bee (D:14)
  A tarantella (shapeshifter) (D:13)
  6 tarantellas
  2 hornets
  Prince Ribbit (D:8)
  2 tyrant leeches (Lair:6)
  Grinder (D:6)
  A wolf spider simulacrum (Spider:2)
  19 blink frogs
  3 jumping spiders
  5 culicivoras
  A shadow (D:12)
  Eustachio (D:5)
  5 fire elementals (D:14)
  2 wyverns
  2 wraiths (Shoals:1)
  24 yaks
  5 basilisks
  16 redbacks
  7 vampire mosquitoes
  4 steam dragons
  2 wargs (Orc:1)
  An acid dragon (D:14)
  13 water moccasins
  Duvessa (D:6)
  A hornet zombie (D:8)
  5 orc warriors
  3 black bears
  A necrophage (D:6)
  8 ogres
  4 centaurs
  13 wolves
  A phantom (D:4)
  2 kobold brigands
  An elf zombie (Ossuary)
  14 bullfrogs
  A water moccasin zombie (D:6)
  A wyvern skeleton (D:5)
  Dowan (D:6)
  A water moccasin skeleton (D:7)
  18 killer bees
  5 wights (D:7)
  2 vampire bats (Lair:5)
  A nameless horror (Lair:6)
  A howler monkey (D:8)
  An electric eel (Lair:6)
  A centaur zombie (D:9)
  2 bullfrog zombies
  2 hounds
  A jelly (shapeshifter) (D:14)
  5 orc priests
  2 jellies
  Crazy Yiuf (D:5)
  A centaur skeleton (D:7)
  2 gnoll shamans
  2 iguanas
  3 orc wizards
  A scorpion zombie (D:5)
  6 hell rats
  A howler monkey zombie (D:9)
  2 mummies (Ossuary)
  21 gnolls
  15 adders
  2 shadow imps
  An ufetubus (D:5)
  An adder skeleton (D:4)
  2 worms
  3 dart slugs
  38 orcs
  8 endoplasms
  2 giant cockroaches
  8 goblins
  8 hobgoblins
  3 quokkas
  4 ball pythons
  7 bats
  6 frilled lizards
  2 goblin zombies (Ossuary)
  14 hobgoblin zombies (Ossuary)
  A jackal zombie (Ossuary)
  17 kobolds
  12 kobold zombies (Ossuary)
  5 orc zombies (Ossuary)
  4 rats
  2 rat zombies (Ossuary)
548 creatures vanquished.

Vanquished Creatures (collateral kills)
  Kirke (D:14)
  An emperor scorpion (Spider:3)
  An orc warlord (Orc:2)
  A broodmother (Spider:4)
  Azrael (D:14)
  An entropy weaver (Spider:1)
  Josephine (Shoals:1)
  5 boulder beetles
  3 hydras
  Fannar (D:10)
  Harold (Lair:2)
  2 catoblepae
  A death knight (D:15)
  The ghost of browni3141 the Cleaver, a novice MiBe of Trog (D:6)
  5 centaur warriors
  3 tengu warriors
  2 two-headed ogres
  A fire crab (shapeshifter) (D:13)
  The ghost of Bricks the Blocker, a novice GrFi of Cheibriados (D:8)
  2 sun moths
  A goliath frog (Lair:6)
  2 pharaoh ants
  4 skeletal warriors
  2 orb spiders
  3 steelbarb worms
  A deep troll (D:15)
  A sea snake (shapeshifter) (D:14)
  4 orc knights
  A necromancer (D:15)
  A spectral wolf spider (Spider:2)
  8 ugly things
  12 wolf spiders
  2 wizards
  3 wolf spider zombies (Spider:2)
  An orc sorcerer (Orc:2)
  A deep elf pyromancer (D:10)
  4 cyclopes
  A nameless horror (Orc:2)
  5 manticores
  2 black mambas (Lair:5)
  2 moths of wrath (Spider:1)
  A torpor snail (Spider:4)
  An elephant (Lair:5)
  A kobold demonologist (D:12)
  10 cane toads
  2 unseen horrors
  4 demonic crawlers
  4 komodo dragons
  2 trolls
  3 polar bears
  A slime creature (D:14)
  3 meliai
  A snapping turtle (Shoals:1)
  3 tarantellas
  12 blink frogs
  A slime creature (shapeshifter) (D:14)
  10 jumping spiders
  A shadow (D:12)
  27 yaks
  8 culicivoras
  5 hogs (D:14)
  2 wraiths (Shoals:1)
  3 basilisks
  A hog (shapeshifter) (D:14)
  29 redbacks
  4 vampire mosquitoes
  2 wargs
  4 water moccasins
  2 hell hounds (D:14)
  23 orc warriors
  A meliai simulacrum (D:14)
  6 ogres
  10 centaurs
  A kobold brigand (D:8)
  3 bullfrogs
  15 killer bees
  2 howler monkeys
  2 orc priests
  4 orc wizards
  4 hell rats (Lair:6)
  A howler monkey zombie (D:10)
  An adder (Lair:5)
  A shadow imp (D:8)
  25 orcs
342 creatures vanquished.

Vanquished Creatures (others)
  A killer bee (D:14)
  16 bushes (Lair:3)
  29 fulminant prisms
  56 fungi
  175 plants
277 creatures vanquished.

Grand Total: 1167 creatures vanquished

Notes
Turn   | Place    | Note
-------+----------+-------------------------------------------
     0 | D:1      | dolemite99 the Gnoll Conjurer began the quest for the Orb.
     0 | D:1      | Reached XP level 1. HP: 13/13 MP: 6/6
   647 | D:1      | Reached XP level 2. HP: 19/19 MP: 4/7
  1165 | D:1      | Learned a level 2 spell: Searing Ray
  1403 | D:2      | Reached skill level 5 in Spellcasting
  1403 | D:2      | Reached XP level 3. HP: 25/25 MP: 3/9
  1639 | D:2      | Reached skill level 1 in Invocations
  2312 | D:2      | Reached skill level 1 in Fighting
  2312 | D:2      | Reached skill level 1 in Short Blades
  2312 | D:2      | Reached skill level 1 in Long Blades
  2312 | D:2      | Reached skill level 1 in Axes
  2312 | D:2      | Reached skill level 1 in Maces & Flails
  2312 | D:2      | Reached skill level 1 in Polearms
  2312 | D:2      | Reached skill level 1 in Staves
  2312 | D:2      | Reached skill level 1 in Slings
  2312 | D:2      | Reached skill level 1 in Bows
  2312 | D:2      | Reached skill level 1 in Crossbows
  2312 | D:2      | Reached skill level 1 in Throwing
  2312 | D:2      | Reached skill level 1 in Armour
  2312 | D:2      | Reached skill level 1 in Shields
  2312 | D:2      | Reached skill level 1 in Unarmed Combat
  2312 | D:2      | Reached skill level 1 in Evocations
  2489 | D:2      | Reached XP level 4. HP: 32/32 MP: 2/11
  2845 | D:3      | Reached skill level 1 in Hexes
  2845 | D:3      | Reached skill level 1 in Summonings
  2845 | D:3      | Reached skill level 1 in Necromancy
  2845 | D:3      | Reached skill level 1 in Translocations
  2845 | D:3      | Reached skill level 1 in Transmutations
  2845 | D:3      | Reached skill level 1 in Fire Magic
  2845 | D:3      | Reached skill level 1 in Ice Magic
  2845 | D:3      | Reached skill level 1 in Air Magic
  2845 | D:3      | Reached skill level 1 in Earth Magic
  2845 | D:3      | Reached skill level 1 in Poison Magic
  3248 | D:3      | Reached XP level 5. HP: 37/37 MP: 7/12
  4092 | D:2      | Found a faded altar of an unknown god.
  4095 | D:2      | Prayed at the altar of an unknown god.
  4095 | D:2      | Became a worshipper of Qazlal Stormbringer
  4095 | D:2      | Reached * piety under Qazlal
  4697 | D:3      | Reached XP level 6. HP: 44/44 MP: 8/13
  4886 | D:3      | Found a burning altar of Makhleb.
  5395 | D:4      | Found a shimmering blue altar of Sif Muna.
  5551 | D:4      | Reached skill level 5 in Dodging
  5641 | D:4      | Reached skill level 2 in Long Blades
  6069 | D:4      | Reached XP level 7. HP: 50/50 MP: 8/15
  6228 | D:4      | Noticed a steam dragon
  6239 | D:4      | Killed a steam dragon
  6396 | D:4      | Reached ** piety under Qazlal
  6397 | D:4      | Reached skill level 5 in Stealth
  7130 | D:5      | Entered Level 5 of the Dungeon
  7225 | D:5      | Found a hide-covered altar of Uskayaw.
  7348 | D:5      | Found Jehoosim's Magic Scroll Shop.
  7362 | D:5      | Bought a scroll of fear for 38 gold pieces
  7362 | D:5      | Bought a scroll of teleportation for 33 gold pieces
  7362 | D:5      | Bought a scroll of enchant armour for 82 gold pieces
  7362 | D:5      | Bought a scroll of fog for 22 gold pieces
  7553 | D:5      | Reached XP level 8. HP: 56/57 MP: 10/16
  7678 | D:5      | Noticed Eustachio
  7691 | D:5      | Killed Eustachio
  7692 | D:5      | Reached skill level 3 in Long Blades
  7902 | D:5      | Found a staircase to the Ecumenical Temple.
  7918 | D:5      | Learned a level 3 spell: Stone Arrow
  8097 | D:5      | Found a runed translucent door.
  8098 | D:5      | Noticed Crazy Yiuf
  8108 | D:5      | Killed Crazy Yiuf
  8468 | D:5      | Found a glowing golden altar of the Shining One.
  8661 | D:6      | Noticed Grinder
  8669 | D:6      | Paralysed by Grinder for 3 turns
  8677 | D:6      | Killed Grinder
  8934 | D:6      | Learned a level 4 spell: Fulminant Prism
  8936 | D:6      | Learned a level 1 spell: Magic Dart
  8941 | D:6      | Learned a level 4 spell: Iskenderun's Mystic Blast
  8961 | D:6      | Noticed Duvessa
  8961 | D:6      | Noticed Dowan
  8990 | D:6      | Killed Duvessa
  9223 | D:6      | Found a sand-covered staircase.
  9235 | Ossuary  | Entered an ossuary
  9689 | Ossuary  | Reached XP level 9. HP: 62/65 MP: 1/18
 10090 | D:6      | Reached *** piety under Qazlal
 10351 | D:6      | Found a runed translucent door.
 10352 | D:6      | Noticed browni3141's ghost (novice MiBe)
 10496 | D:6      | Reached skill level 4 in Long Blades
 10646 | D:6      | Killed Dowan
 11588 | D:7      | Noticed a hornet
 11869 | D:6      | Learned a level 3 spell: Dazzling Flash
 11871 | D:6      | Learned a level 1 spell: Sandblast
 11898 | D:7      | Killed a hornet
 12081 | D:7      | Reached skill level 5 in Invocations
 12855 | D:8      | Found a shadowy altar of Dithmenos.
 12980 | D:8      | Found an iron altar of Okawaru.
 12989 | D:8      | Found a snail-covered altar of Cheibriados.
 13285 | D:8      | Noticed Prince Ribbit
 13292 | D:8      | Killed Prince Ribbit
 13293 | D:8      | Reached XP level 10. HP: 73/73 MP: 16/20
 13332 | D:8      | Found a runed translucent gate.
 13333 | D:8      | Found a runed translucent gate.
 13337 | D:8      | Found a runed translucent gate.
 13337 | D:8      | Noticed a cyclops
 13339 | D:8      | Noticed Bricks's ghost (novice GrFi)
 13532 | D:8      | Found a bloodstained altar of Trog.
 13747 | D:9      | Noticed an elephant
 13754 | D:8      | Reached skill level 5 in Fighting
 13754 | D:8      | Reached skill level 5 in Short Blades
 13754 | D:8      | Reached skill level 5 in Long Blades
 13754 | D:8      | Reached skill level 5 in Axes
 13754 | D:8      | Reached skill level 5 in Maces & Flails
 13754 | D:8      | Reached skill level 5 in Polearms
 13754 | D:8      | Reached skill level 5 in Staves
 13754 | D:8      | Reached skill level 5 in Slings
 13754 | D:8      | Reached skill level 5 in Bows
 13754 | D:8      | Reached skill level 5 in Crossbows
 13754 | D:8      | Reached skill level 5 in Throwing
 13754 | D:8      | Reached skill level 5 in Armour
 13754 | D:8      | Reached skill level 5 in Shields
 13754 | D:8      | Reached skill level 5 in Unarmed Combat
 13754 | D:8      | Reached skill level 5 in Evocations
 14473 | D:9      | Killed an elephant
 14539 | D:9      | Found a staircase to the Lair.
 15288 | D:9      | Identified the +1 leather armour of Saamm {rPois rN+}
 15661 | D:9      | Noticed Grum
 15667 | D:9      | Reached skill level 6 in Long Blades
 15668 | D:9      | Noticed Grum
 15668 | D:9      | Grum changed into Grum the centaur
 15677 | D:9      | Killed Grum the centaur
 15880 | D:9      | Noticed Maggie
 15889 | D:9      | Killed Maggie
 16120 | D:9      | Reached **** piety under Qazlal
 16272 | D:9      | Found a staircase to the Orcish Mines.
 16543 | D:5      | Bought a scroll of amnesia for 38 gold pieces
 16543 | D:5      | Bought a scroll of identify for 22 gold pieces
 16543 | D:5      | Bought a scroll of vulnerability for 82 gold pieces
 16621 | Lair:1   | Entered Level 1 of the Lair of Beasts
 16686 | Lair:1   | Noticed a cane toad
 16706 | Lair:1   | Killed a cane toad
 16707 | Lair:1   | Reached XP level 11. HP: 62/81 MP: 9/22
 17511 | Lair:1   | Reached skill level 5 in Hexes
 17511 | Lair:1   | Reached skill level 5 in Summonings
 17511 | Lair:1   | Reached skill level 5 in Necromancy
 17511 | Lair:1   | Reached skill level 5 in Translocations
 17511 | Lair:1   | Reached skill level 5 in Transmutations
 17511 | Lair:1   | Reached skill level 5 in Fire Magic
 17511 | Lair:1   | Reached skill level 5 in Ice Magic
 17511 | Lair:1   | Reached skill level 5 in Air Magic
 17511 | Lair:1   | Reached skill level 5 in Earth Magic
 17511 | Lair:1   | Reached skill level 5 in Poison Magic
 17554 | Lair:1   | Noticed a boulder beetle
 17599 | Lair:1   | Killed a boulder beetle
 17600 | Lair:1   | Reached skill level 7 in Long Blades
 17896 | Lair:1   | Noticed an eight-headed hydra
 17905 | Lair:1   | Killed an eight-headed hydra
 18056 | Lair:1   | Noticed a four-headed hydra
 18065 | Lair:1   | Killed a four-headed hydra
 18918 | Lair:2   | Noticed a seven-headed hydra
 18920 | Lair:2   | Noticed Harold
 19241 | Lair:2   | Killed a seven-headed hydra
 19252 | Lair:2   | Killed Harold
 19896 | Lair:2   | Learned a level 2 spell: Sublimation of Blood
 19902 | Lair:2   | Learned a level 5 spell: Irradiate
 20083 | Lair:2   | Reached skill level 8 in Long Blades
 21237 | Lair:3   | Noticed Urug
 21237 | Lair:3   | Noticed a six-headed hydra
 21247 | Lair:2   | Killed a six-headed hydra
 21248 | Lair:2   | Reached XP level 12. HP: 52/89 MP: 3/24
 21967 | Lair:3   | Noticed a seven-headed hydra
 21969 | Lair:3   | Killed Urug
 22860 | Lair:3   | Killed a seven-headed hydra
 22906 | Lair:2   | Reached skill level 9 in Long Blades
 23367 | Lair:3   | Noticed an eight-headed hydra
 23382 | Lair:3   | Killed an eight-headed hydra
 23615 | Lair:3   | Found a hole to the Spider Nest.
 24020 | Lair:3   | Learned a level 4 spell: Summon Ice Beast
 24099 | Lair:3   | Noticed a four-headed hydra
 24104 | Lair:3   | Noticed Ycoocel's ghost (journeyman DrFE)
 24226 | Lair:3   | Found a transporter.
 24230 | Lair:3   | Found a transporter.
 24895 | Lair:3   | Found a hole to the Spider Nest.
 25127 | Lair:3   | Found a transporter.
 25131 | Lair:3   | Found a transporter.
 25968 | Lair:4   | Found a staircase to the Shoals.
 26256 | Lair:4   | Reached XP level 13. HP: 96/98 MP: 21/26
 26944 | Lair:5   | Reached skill level 10 in Long Blades
 27969 | Lair:5   | Reached skill level 10 in Conjurations
 29068 | Lair:6   | Entered Level 6 of the Lair of Beasts
 29279 | Lair:6   | Reached skill level 10 in Spellcasting
 29365 | Lair:6   | Reached skill level 11 in Long Blades
 30058 | Lair:6   | Found a staircase to the Slime Pits.
 30163 | Lair:6   | Reached skill level 10 in Dodging
 30241 | Lair:6   | Reached XP level 14. HP: 106/106 MP: 23/28
 31611 | Lair:5   | Reached skill level 10 in Stealth
 32532 | Lair:6   | Reached skill level 10 in Invocations
 33667 | Lair:6   | Learned a level 4 spell: Summon Lightning Spire
 33674 | Lair:6   | Learned a level 5 spell: Summon Mana Viper
 34093 | D:10     | Entered Level 10 of the Dungeon
 34107 | D:10     | Noticed Fannar
 34121 | D:10     | Killed Fannar
 34219 | D:10     | Reached skill level 12 in Long Blades
 36812 | D:11     | Identified the +9 plate armour of Faenastri {*Slow rN+
                  | Int+2}
 37122 | Orc:1    | Entered Level 1 of the Orcish Mines
 38281 | Orc:2    | Entered Level 2 of the Orcish Mines
 38281 | Orc:2    | Found a staircase to the Elven Halls.
 38761 | Orc:2    | Reached XP level 15. HP: 101/115 MP: 21/29
 40635 | Orc:2    | Found Fal Kuff's Antique Weapon Shop.
 40635 | Orc:2    | Found Plog's Book Emporium.
 40637 | Orc:2    | Found Pueschec's Antique Armour Shoppe.
 40638 | Orc:2    | Found Kaanag's General Store.
 40654 | Orc:2    | Bought a Trismegistus Codex for 364 gold pieces
 40660 | Orc:2    | Learned a level 5 spell: Freezing Cloud
 40664 | Orc:2    | Bought a potion of might for 52 gold pieces
 40671 | Orc:2    | Bought the +2 cloak of the Thief {*Fog Slay-2 SInv Stlth+}
                  | for 623 gold pieces
 40671 | Orc:2    | Found the +2 cloak of the Thief {*Fog Slay-2 SInv Stlth+}
 40688 | Orc:2    | Bought a bloodstained robe for 176 gold pieces
 40688 | Orc:2    | Identified the +2 robe of Insurance {rElec} (You bought it
                  | in a shop on level 2 of the Orcish Mines)
 40708 | Orc:2    | Bought a glowing helmet for 232 gold pieces
 41009 | Orc:1    | Noticed an orc warlord
 42081 | D:12     | Noticed Jorgrun
 42090 | D:12     | Killed Jorgrun
 42091 | D:12     | Reached skill level 10 in Fighting
 42091 | D:12     | Reached skill level 10 in Short Blades
 42091 | D:12     | Reached skill level 10 in Axes
 42091 | D:12     | Reached skill level 10 in Maces & Flails
 42091 | D:12     | Reached skill level 10 in Polearms
 42091 | D:12     | Reached skill level 10 in Staves
 42091 | D:12     | Reached skill level 10 in Slings
 42091 | D:12     | Reached skill level 10 in Bows
 42091 | D:12     | Reached skill level 10 in Crossbows
 42091 | D:12     | Reached skill level 10 in Throwing
 42091 | D:12     | Reached skill level 10 in Armour
 42091 | D:12     | Reached skill level 10 in Shields
 42091 | D:12     | Reached skill level 10 in Unarmed Combat
 42091 | D:12     | Reached skill level 10 in Evocations
 42241 | D:12     | Noticed GilGalad's ghost (journeyman DDFi)
 42245 | D:12     | Found a runed translucent gate.
 42245 | D:12     | Found a runed translucent gate.
 42245 | D:12     | Found a runed translucent gate.
 42246 | D:12     | Found the +8 whip "Snakebite" {venom, curare, rPois}
 42541 | D:12     | Reached skill level 13 in Long Blades
 42634 | D:12     | Identified the +5 fustibalus of Bloody Death {vorpal,
                  | Str+7}
 42843 | D:13     | Noticed Nessos
 42868 | D:13     | Killed Nessos
 43031 | D:13     | Identified the +6 rapier of Havoc {flame, rPois}
 43060 | D:13     | Found a gate to the Vaults.
 44268 | D:14     | Noticed Kirke
 44293 | D:14     | Noticed a sphinx
 44304 | D:14     | Killed Kirke
 44381 | D:14     | Noticed Snorg
 44399 | D:14     | Killed Snorg
 45535 | D:14     | Noticed Azrael
 45544 | D:14     | Killed Azrael
 46169 | D:14     | Reached XP level 16. HP: 92/123 MP: 18/31
 47889 | D:14     | Learned a level 4 spell: Sticky Flame
 48014 | D:15     | Entered Level 15 of the Dungeon
 48643 | D:15     | Reached skill level 14 in Long Blades
 50424 | D:15     | Found a staircase to the Depths.
 51246 | Orc:2    | Bought a book of Necromancy for 208 gold pieces
 51251 | Orc:2    | Learned a level 3 spell: Vampiric Draining
 51393 | D:8      | Killed Bricks's ghost
 51519 | D:6      | Killed browni3141's ghost
 51682 | Shoals:1 | Entered Level 1 of the Shoals
 51682 | Shoals:1 | Found Zantaora's Distillery.
 52242 | Shoals:1 | Noticed Josephine
 52258 | Shoals:1 | Killed Josephine
 52716 | Spider:1 | Entered Level 1 of the Spider Nest
 55696 | Spider:2 | Reached XP level 17. HP: 113/131 MP: 33/33
 56002 | Spider:2 | Reached skill level 15 in Long Blades
 57874 | Spider:3 | Noticed Bai Suzhen
 57932 | Spider:3 | Killed Bai Suzhen
 58243 | Spider:3 | Learned a level 3 spell: Mephitic Cloud
 58921 | Spider:4 | Entered Level 4 of the Spider Nest
 59942 | Spider:4 | Identified the ring "Cizamif" {*Slow rF+ rN+ Will+ Dex+3}
 61675 | Spider:4 | HP: 4/133 [ghost moth (13)]
 61676 | Spider:4 | Mangled by a ghost moth

Illustrated notes

Levels and vault maps discovered:
D:1:      dpeg_arrival_pits, layout_loops_ring, minmay_pentomino_u2
D:2:      layout_rooms, hellmonk_ecumenical_altar_defaced_shrine,
          chequers_serial_rivers_small_b
D:3:      minmay_angry_zag, layout_basic, mainiacjoe_overflow_small_starburst,
          serial_bayou_pond_c, ebering_dispersal_statue_hall,
          nicolae_grassy_gnolls
D:4:      layout_basic, general_overflow_altar
D:5:      layout_gridville, tso_oasis_becter, mainiacjoe_overflow_boulevard,
          minmay_temple_entry_offerings, serial_shops, shop, uniq_eustachio,
          uniq_crazy_yiuf_cottage
D:6:      layout_basic, hellmonk_ghost_happy_afterlife,
          nicolae_ossuary_entry_plus, uniq_grinder, uniq_duvessa
D:7:      layout_gridville
D:8:      layout_loops_cross, lemuel_round_altar,
          nicolae_dithmenos_shadow_blocks, grunt_temple_overflow_open,
          gammafunk_ghost_split, uniq_prince_ribbit1
D:9:      layout_rooms, david_lair_generic, david_orc_5, uniq_maggie, uniq_grum
D:10:     minmay_the_grid_octo_2x2 [minmay_the_grid_octo_pinwheel,
          minmay_the_grid_octo_empty, minmay_the_grid_octo_concentric,
          minmay_the_grid_octo_prize_square_snowflake], layout_long_grid,
          uniq_fannar
D:11:     layout_basic, serial_rivers, chequers_serial_rivers_large_a,
          chequers_serial_rivers_marsh, chequers_serial_rivers_small_3,
          chequers_serial_rivers_small_a, chequers_serial_rivers_marsh
D:12:     layout_irregular_city, gammafunk_ghost_nasty_kobolds,
          minmay_protected_statue, uniq_jorgrun
D:13:     layout_loops_cross, david_vaults_2, uniq_nessos
D:14:     regret_index_harrowing_hell_hive, layout_stronghold,
          infiniplex_staircase_door_maze, uniq_kirke, uniq_azrael, uniq_snorg
D:15:     hangedman_depths_entry_civil_slaughter, layout_irregular_city,
          hangedman_abyss_or_decor_passed
Lair:1:   layout_layer_cave, grunt_megastairs_2, lemuel_fruit_tree
Lair:2:   layout_roguey, serial_bayou_pond_b, uniq_harold
Lair:3:   layout_layer_cave, nicolae_spider_entry_orb_guardian,
          gammafunk_ghost_arena, minmay_hedge_maze, st_stairs_11, minivault_27,
          uniq_urug
Lair:4:   layout_regular_city, minmay_shoals_entry_lonely_mermaid
Lair:5:   minmay_lair_venomous_thicket, layout_cellular_growth, st_stairs_7,
          roderic_batcave, grunt_megastairs_3, serial_bayou_shore_a
Lair:6:   minmay_lair_end_frog_pond, layout_big_grid, slime_dummy
Shoals:1: cheibrodos_shoals_roost, layout_shoals, serial_shops,
          nicolae_shop_window_shopping, nicolae_shop_hallway_plus, shop,
          shop_statue, shop, gammafunk_ghost_grave,
          nicolae_shoals_dead_sea_scrolls, uniq_roxanne, uniq_josephine
Spider:1: layout_spider_delve
Spider:2: layout_spider_delve, nicolae_spider_undead_wolf_pack,
          nicolae_spider_cling_halls
Spider:3: layout_spider_delve, uniq_bai_suzhen
Spider:4: hellmonk_spider_rune_bug_friends
Orc:1:    layout_diamond_mine
Orc:2:    st_orc_rangers, layout_diamond_mine

Skill      XL: |  1  2  3  4  5  6  7  8  9 10 11 12 13 14 15 16 17 |
---------------+----------------------------------------------------+-----
Spellcasting   | 5 6 7 8 9 10 11 12 | 12.7
Invocations    | 1 2 3 4 5 6 7 8 9 10 11 12 | 12.8
Fighting       | 1 2 3 4 5 6 7 8 9 10 11 | 11.8
Short Blades   | 1 2 3 4 5 6 7 8 9 10 11 | 11.8
Long Blades    | 1 2 3 4 6 8 9 11 12 13 14 15 | 15.5
Axes           | 1 2 3 4 5 6 7 8 9 10 11 | 11.8
Maces & Flails | 1 2 3 4 5 6 7 8 9 10 11 | 11.8
Polearms       | 1 2 3 4 5 6 7 8 9 10 11 | 11.8
Staves         | 1 2 3 4 5 6 7 8 9 10 11 | 11.8
Slings         | 1 2 3 4 5 6 7 8 9 10 11 | 11.8
Bows           | 1 2 3 4 5 6 7 8 9 10 11 | 11.8
Crossbows      | 1 2 3 4 5 6 7 8 9 10 11 | 11.8
Throwing       | 1 2 3 4 5 6 7 8 9 10 11 | 11.8
Armour         | 1 2 3 4 5 6 7 8 9 10 11 | 11.8
Shields        | 1 2 3 4 5 6 7 8 9 10 11 | 11.8
Unarmed Combat | 1 2 3 4 5 6 7 8 9 10 11 | 11.8
Evocations     | 1 2 3 4 5 6 7 8 9 10 11 | 11.8
Hexes          | 1 2 3 4 5 6 7 8 9 |  9.9
Summonings     | 1 2 3 4 5 6 7 8 9 |  9.9
Necromancy     | 1 2 3 4 5 6 7 8 9 |  9.9
Translocations | 1 2 3 4 5 6 7 8 9 |  9.9
Transmutations | 1 2 3 4 5 6 7 8 9 |  9.9
Fire Magic     | 1 2 3 4 5 6 7 8 9 |  9.9
Ice Magic      | 1 2 3 4 5 6 7 8 9 |  9.9
Air Magic      | 1 2 3 4 5 6 7 8 9 |  9.9
Earth Magic    | 1 2 3 4 5 6 7 8 9 |  9.9
Poison Magic   | 1 2 3 4 5 6 7 8 9 |  9.9
Dodging        | 5 6 7 8 9 10 11 12 | 12.6
Stealth        | 5 6 7 8 9 10 11 12 | 12.5
Conjurations   | 8 9 10 11 12 | 12.1

Action                   |  1- 3 |  4- 6 |  7- 9 | 10-12 | 13-15 | 16-18 || total
-------------------------+-------+-------+-------+-------+-------+-------++-------
Melee: Mace              |    13 |       |       |       |       |       ||    13
       Bite              |     1 |     1 |    21 |    11 |    13 |     3 ||    50
       Staff             |       |     4 |       |       |    55 |    33 ||    92
       Punch             |       |     1 |     2 |     7 |       |       ||    10
       Flail             |       |       |    52 |       |       |       ||    52
       Falchion          |       |       |    35 |    87 |    14 |       ||   136
       Dagger            |       |       |    11 |     8 |       |       ||    19
       Demon trident     |       |       |       |       |    27 |    17 ||    44
 Fire: Hunting sling     |       |       |    35 |    54 |   230 |       ||   319
       Shortbow          |       |       |       |    35 |       |       ||    35
       Fustibalus        |       |       |       |       |   140 |   245 ||   385
Throw: Throwing net      |       |       |       |     1 |       |       ||     1
       Boomerang         |       |       |       |     1 |       |       ||     1
       Stone             |       |       |       |       |    58 |       ||    58
       Dart              |       |       |       |       |    45 |       ||    45
 Cast: Magic Dart        |    52 |    73 |   104 |    37 |       |       ||   266
       Searing Ray       |     6 |    21 |    38 |    31 |     2 |       ||    98
       Fulminant Prism   |       |       |     8 |    16 |     5 |       ||    29
       Stone Arrow       |       |       |     2 |    76 |   129 |     1 ||   208
       Iskenderun's Myst |       |       |     1 |    15 |     4 |     2 ||    22
       Sandblast         |       |       |    17 |    76 |       |       ||    93
       Dazzling Flash    |       |       |     4 |     3 |     3 |       ||    10
       Irradiate         |       |       |       |     5 |     4 |       ||     9
       Summon Ice Beast  |       |       |       |    10 |   107 |    50 ||   167
       Sublimation of Bl |       |       |       |     2 |     7 |     8 ||    17
       Summon Lightning  |       |       |       |       |   103 |   106 ||   209
       Summon Mana Viper |       |       |       |       |    55 |    67 ||   122
       Freezing Cloud    |       |       |       |       |     7 |    22 ||    29
       Sticky Flame      |       |       |       |       |       |    31 ||    31
       Vampiric Draining |       |       |       |       |       |    19 ||    19
       Mephitic Cloud    |       |       |       |       |       |     1 ||     1
Invok: Elemental Force   |       |       |       |     6 |    18 |    14 ||    38
       Upheaval          |       |       |       |     1 |       |       ||     1
Evoke: Wand              |       |       |       |    11 |    10 |    13 ||    34
       Phial of floods   |       |       |       |     1 |     4 |     4 ||     9
       Phantom mirror    |       |       |       |       |     4 |     4 ||     8
       Condenser vane    |       |       |       |       |     2 |     4 ||     6
       Box of beasts     |       |       |       |       |     1 |     2 ||     3
  Use: Scroll            |     2 |     4 |     8 |    10 |    11 |    10 ||    45
       Potion            |       |       |    12 |     4 |    13 |     9 ||    38
 Stab: Sleeping          |     1 |       |       |       |       |       ||     1
       Invisible         |       |       |       |     1 |       |       ||     1
       Distracted        |       |       |       |       |     2 |     3 ||     5
       Paralysed         |       |       |       |       |     5 |       ||     5
Armor: Robe              |     2 |     5 |       |       |       |       ||     7
       Leather armour    |       |     1 |    91 |    15 |       |       ||   107
       Skin              |       |       |     2 |       |       |       ||     2
       Acid dragon scale |       |       |       |   107 |   122 |   220 ||   449
Dodge: Dodged            |    15 |    39 |   160 |   207 |   372 |   305 ||  1098
       Repelled          |       |       |       |       |     5 |       ||     5
Block: Other             |       |     1 |    32 |    35 |       |       ||    68
       Buckler           |       |       |       |   114 |   299 |   256 ||   669
